cohdb
Replays
Latest Replays
All Replays
Popular Replays
Top Player Replays
Match Explorer
How It Works
Community
CoH3 Stats
Reddit
Sign in to upload your games and track your stats! →
Sign in with Steam
Match 45536388
Unlisted
Match 45536388
Overview
Messages
Build Orders
End
Panzerpioneer Squad
Panzerpioneer Squad
Selects Battlefield Espionage Battlegroup
250 Light Carrier
Panzerpioneer Squad
Construct Light Support Kompanie
Panzerjäger Squad
Combat Half-tracks
Fire Support Elements
Selects Intel Disruption Beacon
Veteran Squad Leaders
Panzerjäger Mechanized Group
Selects Plunder
2.5-tonne Medical Truck
Selects 250/3 Funkpanzerwagen
Vehicle Survival Package
Flakvierling Half-track
Panzerjäger Mechanized Group
Flakvierling Half-track
Selects Advanced Ambush Training
Selects Firestorm
2.5-tonne Medical Truck
Pak 38 Mechanized Group
Panzerpioneer Squad
Panzerpioneer Squad
Selects Operation Skorpion
Panzerpioneer Squad
Panzerpioneer Squad
Panzerjäger Mechanized Group
Construct Mechanized Kompanie
Firestorm
Leiarde
Otto Karius
Ghost
aSIIDemolitionHammer
0
0
Comments
sign in to comment!
No comments posted yet!